AoeStats
← JinSoo

Hideout

503199710Analyzed
3v3 RM · 2mo ago on Aug 30, 2026· 50m 29s· 6 players
Game mode
Random Map
Map size
Normal (6 player)
Population
200
Speed
Normal
Resources
Standard
Victory
Conquest
Starting age
Dark Age
Ending age
Imperial Age
RankedLock teamsTeams togetherTeam positionsShared explorationLock speedFull tech treeHidden civsTurbo modeCheats
Victory
Defeat
🇬🇷 Japanese · Greece
1458
+9
🇩🇪 Saracens · Germany
1323
+14
🇳🇱 Franks · Netherlands
1142
+22
vs
🇩🇪 Saracens · Germany
1417
-21
🇩🇪 Vietnamese · Germany
1283
-15
🇩🇪 Berbers · Germany
1152
-9
JinSoo
8:52 Feudal Age
9:34 Double-Bit Axe
12:35 Fletching
14:39 Loom
21:45 Castle Age
20:10 Padded Archer Armor
21:37 Gold Mining
21:35 Horse Collar
22:23 Bodkin Arrow
22:10 Crossbowman
29:40 Stone Mining
31:03 Wheelbarrow
31:09 Ballistics
38:29 Imperial Age
38:02 Thumb Ring
39:16 Bracer
39:02 Arbalester
41:12 Chemistry
41:01 Coinage
47:38 Siege Engineers
48:15 Conscription
50:04 Leather Archer Armor
49:10 Elite Skirmisher
tafkams
11:03 Feudal Age
14:48 Castle Age
13:22 Double-Bit Axe
14:24 Bloodlines
15:30 Scale Barding Armor
19:52 Forging
24:34 Chain Barding Armor
28:32 Iron Casting
29:31 Husbandry
40:45 Wheelbarrow
39:56 Loom
39:57 Town Watch
41:21 Light Cavalry
46:53 Imperial Age
46:58 Heavy Camel Rider
49:38 Hussar
Flying Dutchman
5:57 Loom
9:32 Feudal Age
10:29 Double-Bit Axe
12:47 Gold Mining
14:15 Fletching
14:47 Padded Archer Armor
21:11 Horse Collar
25:58 Castle Age
26:35 Bodkin Arrow
26:02 Crossbowman
27:01 Thumb Ring
27:51 Leather Archer Armor
29:52 Wheelbarrow
29:29 Bow Saw
30:58 Ballistics
39:48 Imperial Age
39:01 Hand Cart
41:05 Bracer
40:49 Arbalester
42:32 Pikeman
43:12 Squires
44:29 Chemistry
43:37 Scale Mail Armor
44:19 Halberdier
45:35 Stone Mining
45:57 Forging
46:32 Chain Mail Armor
Fat American
9:10 Feudal Age
9:45 Loom
9:22 Man-at-Arms
12:11 Double-Bit Axe
12:34 Fletching
14:50 Padded Archer Armor
19:16 Loom
22:49 Castle Age
22:34 Gold Mining
23:08 Horse Collar
23:54 Bow Saw
24:00 Bodkin Arrow
24:42 Leather Archer Armor
26:11 Town Watch
27:17 Husbandry
28:07 Bloodlines
29:16 Ballistics
36:24 Gold Shaft Mining
35:51 Heavy Plow
39:45 Wheelbarrow
39:28 Elite Skirmisher
40:45 Hand Cart
46:45 Imperial Age
44:41 Treadmill Crane
46:10 Pikeman
47:30 Masonry
47:53 Conscription
47:35 Halberdier
48:43 Squires
48:47 Scale Mail Armor
49:17 Bracer
Medina90
10:43 Feudal Age
14:07 Castle Age
12:32 Double-Bit Axe
15:35 Wheelbarrow
22:01 Gold Mining
24:55 Scale Barding Armor
25:01 Forging
28:40 Hand Cart
30:02 Gold Shaft Mining
29:17 Stone Mining
30:23 Chain Barding Armor
30:16 Husbandry
32:43 Iron Casting
36:40 Imperial Age
36:47 Cavalier
38:07 Plate Barding Armor
41:05 Blast Furnace
41:15 Paladin
42:14 Loom
42:14 Town Watch
48:45 Conscription
Myrmidon Overlord
8:27 Feudal Age
12:32 Fletching
14:02 Horse Collar
16:45 Padded Archer Armor
16:38 Double-Bit Axe
22:51 Castle Age
23:16 Crossbowman
23:56 Bodkin Arrow
26:40 Bow Saw
27:26 Loom
31:33 Ballistics
33:23 Wheelbarrow
33:29 Leather Archer Armor
34:51 Thumb Ring
40:58 Town Watch
46:05 Imperial Age
43:51 Stone Mining
44:17 Treadmill Crane
46:02 Hand Cart
46:53 Bracer
48:02 Chemistry
48:36 Arbalester
Connection lost

Rejoining the realm…

Still unreachable

The connection could not be restored.

Session expired

The server has moved on; the page needs a fresh start.